 Dungeon Crawl Stone Soup version 0.30-a0-967-g9b59a09336 (webtiles) character file.

Game seed: 5162828524499279625

686 xjehoofdx the Cudgeller (level 7, -3/44 HPs)
             Began as a Gargoyle Fighter on Mar 31, 2023.
             Slain by an orc warrior
             ... wielding a +0 dire flail
              (4 damage)
             ... on level 6 of the Dungeon.
             The game lasted 00:26:47 (3617 turns).

xjehoofdx the Cudgeller (Gargoyle Fighter)          Turns: 3617, Time: 00:26:47

Health: -3/44      AC: 19    Str: 21    XL:     7   Next: 62%
Magic:  7/7        EV:  8    Int:  9    God:
Gold:   257        SH:  0    Dex:  9    Spells: 6/6 levels left

rFire   . . .      SeeInvis .    r - +0 flail (protect)
rCold   . . .      Faith    .    h - orb {*Rage}
rNeg    + . .      Spirit   .    j - +2 chain mail {rPois}
rPois   ∞          Reflect  .    p - +0 helmet
rElec   +          Rampage  .    (no cloak)
rCorr   .          Rage     20%  (no gloves)
Will    .....                    b - +0 pair of boots Stlth
                                 (no amulet)
HPRegen 0.27/turn                (no ring)
MPRegen 0.10/turn                (no ring)

@: on berserk cooldown
A: sickness immunity, AC +4, negative energy resistance 1, electricity
resistance, torment resistance 1, petrification resistance
a: no special abilities


You were on level 6 of the Dungeon.
You visited 1 branch of the dungeon, and saw 6 of its levels.

You collected 257 gold pieces.

Inventory:

Hand Weapons
 r - a +0 flail of protection (weapon)
 s - a +0 club
Armour
 b - a +0 pair of boots (worn)
 c - a +0 buckler
 h - an orb of wrath (worn)
 j - a +2 chain mail of poison resistance (worn)
 p - a +0 helmet (worn)
 t - a +0 leather armour of positive energy
Jewellery
 q - a ring of resist corrosion
 x - an amulet of the acrobat
Wands
 a - a wand of flame (16)
Scrolls
 g - 6 scrolls of teleportation {unknown}
 i - 6 scrolls of identify {unknown}
 k - a scroll of fear {unknown}
 l - a scroll of noise
 m - a scroll of poison {unknown}
 n - a scroll of magic mapping {unknown}
 v - a scroll of enchant armour {unknown}
 w - 2 scrolls of fog {unknown}
Potions
 d - a potion of might
 e - a potion of brilliance {unknown}
 f - a potion of curing {unknown}
 o - a potion of magic {unknown}
 u - 2 potions of attraction {unknown}
 z - a potion of degeneration {unknown}


   Skills:
 + Level 4.9 Fighting
 + Level 6.1 Maces & Flails
 + Level 5.2 Armour
 + Level 1.2 Dodging
 + Level 0.1 Stealth
 + Level 3.7 Shields


You had 6 spell levels left.
You didn't know any spells.
Your spell library contained the following spells:

 Spells                   Type           Power      Damage    Failure   Level
 Foxfire                  Conj/Fire      0%         2x1d2     98%         1
 Fireball                 Conj/Fire      0%         3d3       100%        5
 Starburst                Conj/Fire      0%         6d3       100%        6


Dungeon Overview and Level Annotations

Branches:
Dungeon (6/15)             Temple (0/1) D:5

Altars:
Fedhas
Gozag
Trog
Uskayaw

Shops:
D:1 *   D:3 [


Innate Abilities, Weirdness & Mutations

You are immune to sickness and miasma.
Your stone body is resilient. (AC +4)
You are immune to poison.
You resist negative energy. (rN+)
You are resistant to electric shocks. (rElec)
You are resistant to unholy torment.
You are immune to petrification.


Message History

The orc warrior hits you but does no damage.
You hit the orc warrior.
The orc warrior is severely wounded.
The orc barely misses you.
The orc warrior hits you with a +0 dire flail.
* * * LOW HITPOINT WARNING * * *
You hit the orc warrior.
The orc warrior is almost dead.
The orc barely misses you.
The orc warrior hits you but does no damage.
The orc misses you.
The orc warrior hits you but does no damage.
You hit the orc warrior.
The orc warrior is almost dead.
The orc barely misses you.
The orc warrior hits you but does no damage.
You closely miss the orc warrior.
The orc warrior is almost dead.
The orc hits you with a +0 short sword.
* * * LOW HITPOINT WARNING * * *
The orc warrior hits you but does no damage.
You closely miss the orc warrior.
The orc warrior is almost dead.
The orc barely misses you.
The orc warrior hits you but does no damage.
You closely miss the orc warrior.
The orc warrior is almost dead.
The orc hits you but does no damage.
The orc warrior hits you with a +0 dire flail!
* * * LOW HITPOINT WARNING * * *
You closely miss the orc warrior.
The orc warrior is almost dead.
The orc closely misses you.
The orc warrior hits you with a +0 dire flail.
* * * LOW HITPOINT WARNING * * *
You barely miss the orc warrior.
The orc warrior is almost dead.
The orc barely misses you.
The orc warrior hits you with a +0 dire flail.
You die...

#.#.##..........†..###.
#.#.###.....####.......
.#......###### #.......
....##.# # #.......
#...... .. #.......
...#.# #.# #.######
#...# #.# #.# ..#.#...#
#.###.###### ?.....o@#
#......)....
..#####o#####......#####
.......o................
................<......#
...............####....#
...........$............
...............##....o..
...###.........# ......
... #...#.....# .....


You could see an orc warrior and 2 orcs.

Vanquished Creatures
  Menkaure (D:4)
  An ice beast (D:5)
  4 hounds
  A jelly (D:5)
  2 orc priests
  2 iguanas
  A sleepcap (D:5)
  2 orc wizards
  Robin (D:4)
  3 adders
  A shadow imp (D:4)
  A white imp (D:5)
  An ufetubus (D:5)
  2 dart slugs
  15 orcs
  7 endoplasms
  4 giant cockroaches
  13 goblins
  12 hobgoblins
  6 jackals
  7 kobolds
  2 quokkas
  A ball python (D:1)
  4 bats (D:2)
  2 rats
96 creatures vanquished.

Vanquished Creatures (others)
  A fungus (D:2)
  4 plants (D:2)
5 creatures vanquished.

Grand Total: 101 creatures vanquished

Notes
Turn   | Place    | Note
-------+----------+-------------------------------------------
     0 | D:1      | xjehoofdx the Gargoyle Fighter began the quest for the Orb.
     0 | D:1      | Reached XP level 1. HP: 14/14 MP: 1/1
   109 | D:1      | Reached XP level 2. HP: 19/19 MP: 2/2
   269 | D:1      | Found Mewn's Assorted Antiques.
   587 | D:2      | Reached XP level 3. HP: 17/23 MP: 3/3
   838 | D:2      | Found a faded altar of an unknown god.
  1132 | D:3      | Found Typh's Armour Shop.
  1171 | D:4      | Reached skill level 3 in Maces & Flails
  1171 | D:4      | Reached XP level 4. HP: 25/29 MP: 4/4
  1305 | D:4      | Reached XP level 5. HP: 33/33 MP: 5/5
  1535 | D:4      | Noticed Robin
  1575 | D:4      | Killed Robin
  1576 | D:4      | Reached skill level 4 in Maces & Flails
  1751 | D:4      | Reached XP level 6. HP: 29/39 MP: 6/6
  1941 | D:5      | Entered Level 5 of the Dungeon
  1958 | D:5      | Noticed Menkaure
  2343 | D:4      | Found an opulent altar of Gozag.
  2343 | D:4      | Found a blossoming altar of Fedhas.
  2426 | D:4      | Killed Menkaure
  2427 | D:4      | Reached skill level 5 in Maces & Flails
  2427 | D:4      | Reached skill level 1 in Dodging
  2427 | D:4      | Reached XP level 7. HP: 15/44 MP: 7/7
  2747 | D:5      | Found a staircase to the Ecumenical Temple.
  2871 | D:5      | Found a bloodstained altar of Trog.
  2896 | D:5      | Reached skill level 5 in Armour
  3219 | D:5      | Noticed a +0 hand axe
  3220 | D:5      | Noticed a +0 hand axe
  3226 | D:5      | Found a hide-covered altar of Uskayaw.
  3232 | D:5      | Reached skill level 6 in Maces & Flails
  3615 | D:6      | HP: 2/44 [orc warrior/+0 dire flail (11)]
  3617 | D:6      | Slain by an orc warrior

Illustrated notes

Levels and vault maps discovered:
D:1:      heliophobic_arrival_henge, layout_loops_ring, serial_shops,
          nicolae_shop_statue_plus
D:2:      layout_basic, shapermc_ecumenical_altar_acropolis,
          kennysheep_nondescript
D:3:      layout_basic, serial_shops, nicolae_shop_statue_plus, minmay_pentangle
D:4:      layout_basic, chequers_temple_overflow_statue_of_worship, uniq_robin
D:5:      layout_basic, trog_three_pillars_becter, dancing_weapons_uskayaw,
          minmay_temple_entry_wispy, uniq_menkaure
D:6:      layout_basic, grunt_dithmenos_smoke_and_mirrors

Skill      XL: |  1  2  3  4  5  6  7 |
---------------+----------------------+-----
Maces & Flails | 3 4 5 6 |  6.1
Armour         | 4 5 |  5.2
Fighting       | 4 |  4.9
Dodging        | 1 |  1.2
Stealth        | |  0.1
Shields        | |  3.7

Action                     |  1- 3 |  4- 6 |  7- 9 || total
---------------------------+-------+-------+-------++-------
  Melee: Flail             |   123 |   162 |    69 ||   354
    Use: Scroll            |       |     2 |       ||     2
 Armour: Scale mail        |    28 |       |       ||    28
         Chain mail        |    40 |   224 |    61 ||   325
  Dodge: Dodged            |    50 |   109 |    39 ||   198
  Block: Buckler           |    12 |       |       ||    12

Table legend: (Time is in decaauts)
 A = Elapsed time spent in this place.
 B = Non-inter-level travel time spent in this place.
 C = Inter-level travel time spent in this place.
 D = Time resting spent in this place.
 E = Time spent auto-exploring this place.
 F = Levels seen in this place.
 G = Mean time per level.
                   A        B        C        D        E       F      G
               +--------+--------+--------+--------+--------+-----+--------+
         Total |   3844 |   3839 |      5 |    523 |   1445 |   6 |  640.7 |
       Dungeon |   3844 |   3839 |      5 |    523 |   1445 |   6 |  640.7 |
               +--------+--------+--------+--------+--------+-----+--------+

Top non-repeatable levels by time:
     D:4: 1616 daAuts
     D:5: 965 daAuts
     D:2: 792 daAuts
     D:1: 299 daAuts
     D:6: 87 daAuts
     D:3: 83 daAuts
